AoeStats
← steam.guileless687

Arabia

508161535Analyzed
1v1 RM · 10d ago on Sep 21, 2026· 28m 4s· 2 players
Game mode
Random Map
Map size
Tiny (2 player)
Population
200
Speed
Normal
Resources
Standard
Victory
Conquest
Starting age
Dark Age
Ending age
Imperial Age
RankedLock teamsTeams togetherTeam positionsShared explorationLock speedFull tech treeHidden civsTurbo modeCheats
Victory
Defeat
🇯🇵 Khitans · Japan
458
+17
🇺🇸 Mongols · United States
483
-17
teban0721
7:50 Loom
10:11 Feudal Age
10:41 Double-Bit Axe
16:13 Wheelbarrow
19:28 Castle Age
18:07 Forging
18:47 Scale Barding Armor
19:31 Gold Mining
20:28 Bow Saw
24:29 Hand Cart
24:07 Town Watch
25:24 Chain Barding Armor
steam.guileless687
10:59 Feudal Age
12:34 Wheelbarrow
11:46 Double-Bit Axe
11:47 Horse Collar
21:58 Castle Age
22:49 Loom
22:47 Pikeman
24:34 Forging
25:01 Light Cavalry
28:24 Scale Mail Armor
Connection lost

Rejoining the realm…

Still unreachable

The connection could not be restored.

Session expired

The server has moved on; the page needs a fresh start.